2832 views
Uploaded 2020-03-28 00:53:25
Game version 1.32.3
20:05 long 3on3 ladder game on (6)RollingHills
Saved by BEARAND
2832 views
Uploaded 2020-03-28 00:53:25
Game version 1.32.3
20:05 long 3on3 ladder game on (6)RollingHills


58 units @ 4.7k
/ 0.2k
157 buildings @ 11.7k
/ 4.8k



| Staff of Sanctuary | 3 | 750 |
| Potion of Mana | 1 | 200 |
| Boots of Speed | 3 | 750 |
| Staff of Teleportation | 3 | 450 |
| Periapt of Vitality | 1 | 325 |
| Circlet of Nobility | 1 | 175 |
| Orb of Venom | 2 | 650 |
| total: | 14 | 3300g |
| Peasant | 13 | 975 | / | 0 |
| Priest | 1 | 135 | / | 10 |
| Dragonhawk Rider | 5 | 1000 | / | 150 |
| total: | 19 | 2110g | / | 160w |
| Scout Tower | 55 | 1650 | / | 1100 |
| Arcane Tower | 1 | 70 | / | 50 |
| Guard Tower | 41 | 2870 | / | 2050 |
| Altar of Kings | 1 | 180 | / | 50 |
| Farm | 7 | 560 | / | 140 |
| Lumber Mill | 1 | 120 | / | 0 |
| Arcane Vault | 2 | 260 | / | 60 |
| Blacksmith | 1 | 140 | / | 60 |
| Barracks | 1 | 160 | / | 60 |
| Gryphon Aviary | 1 | 140 | / | 150 |
| Arcane Sanctum | 1 | 150 | / | 140 |
| Keep | 1 | 320 | / | 210 |
| Castle | 1 | 360 | / | 210 |
| total: | 70 | 3360g | / | 1760w |
| 0:01 | Peasant |
| 0:02 | Peasant |
| 0:09 | Altar of Kings |
| 0:18 | Farm |
| 0:25 | Lumber Mill |
| 0:27 | Peasant |
| 0:55 | Peasant |
| 1:05 | Peasant |
| 1:14 | Peasant |
| 1:29 | Farm |
| 1:31 | Scout Tower |
| 1:46 | Peasant |
| 1:47 | Peasant |
| 1:55 | Scout Tower |
| 1:56 | Arcane Tower |
| 2:13 | Blizzard |
| 2:15 | Scout Tower |
| 2:18 | Peasant |
| 2:19 | Peasant |
| 2:24 | Guard Tower |
| 2:26 | Scout Tower |
| 2:28 | Scout Tower |
| 2:42 | Guard Tower |
| 2:43 | Scout Tower |
| 2:47 | Peasant |
| 2:47 | Peasant |
| 2:53 | Guard Tower |
| 2:56 | Arcane Vault |
| 2:58 | Scout Tower |
| 2:59 | Peasant |
| 3:34 | Keep |
| 3:36 | Guard Tower |
| 3:37 | Guard Tower |
| 3:37 | Scout Tower |
| 3:39 | Scout Tower |
| 4:07 | Guard Tower |
| 4:10 | Farm |
| 4:10 | Farm |
| 4:12 | Improved Masonry |
| 4:17 | Boots of Speed |
| 4:25 | Scout Tower |
| 4:25 | Scout Tower |
| 4:26 | Scout Tower |
| 4:26 | Scout Tower |
| 4:36 | Guard Tower |
| 4:37 | Scout Tower |
| 4:38 | Scout Tower |
| 4:49 | Staff of Teleportation |
| 4:56 | Guard Tower |
| 5:04 | Guard Tower |
| 5:55 | Guard Tower |
| 5:55 | Guard Tower |
| 5:58 | Scout Tower |
| 5:58 | Scout Tower |
| 5:59 | Scout Tower |
| 6:11 | Guard Tower |
| 6:28 | Guard Tower |
| 6:45 | Scout Tower |
| 6:55 | Guard Tower |
| 6:57 | Castle |
| 7:01 | Storm Bolt |
| 7:08 | Advanced Masonry |
| 7:21 | Scout Tower |
| 7:21 | Scout Tower |
| 7:22 | Scout Tower |
| 7:22 | Scout Tower |
| 7:29 | Guard Tower |
| 7:45 | Brilliance Aura |
| 7:50 | Guard Tower |
| 7:51 | Scout Tower |
| 7:52 | Scout Tower |
| 7:54 | Guard Tower |
| 8:02 | Gryphon Aviary |
| 8:18 | Guard Tower |
| 8:23 | Blacksmith |
| 8:32 | Guard Tower |
| 9:06 | Guard Tower |
| 9:09 | Arcane Vault |
| 9:13 | Guard Tower |
| 9:14 | Guard Tower |
| 9:15 | Scout Tower |
| 9:16 | Scout Tower |
| 9:17 | Scout Tower |
| 9:18 | Scout Tower |
| 9:23 | Scout Tower |
| 9:24 | Scout Tower |
| 9:38 | Staff of Sanctuary |
| 9:54 | Guard Tower |
| 10:01 | Boots of Speed |
| 10:40 | Guard Tower |
| 10:47 | Staff of Teleportation |
| 10:58 | Potion of Mana |
| 11:18 | Holy Light |
| 11:25 | Staff of Sanctuary |
| 11:36 | Arcane Sanctum |
| 11:39 | Scout Tower |
| 12:01 | Boots of Speed |
| 12:14 | Scout Tower |
| 12:14 | Guard Tower |
| 12:21 | Guard Tower |
| 12:23 | Scout Tower |
| 12:24 | Scout Tower |
| 12:25 | Scout Tower |
| 12:25 | Scout Tower |
| 12:27 | Scout Tower |
| 12:28 | Scout Tower |
| 12:49 | Bash |
| 12:51 | Magic Sentry |
| 12:51 | Priest |
| 13:30 | Scout Tower |
| 13:32 | Farm |
| 13:32 | Farm |
| 13:32 | Farm |
| 13:39 | Guard Tower |
| 13:40 | Guard Tower |
| 13:41 | Guard Tower |
| 14:01 | Guard Tower |
| 14:14 | Guard Tower |
| 14:21 | Scout Tower |
| 14:21 | Scout Tower |
| 14:22 | Scout Tower |
| 14:22 | Scout Tower |
| 14:32 | Dragonhawk Rider |
| 14:34 | Scout Tower |
| 14:41 | Barracks |
| 14:57 | Guard Tower |
| 14:58 | Guard Tower |
| 15:07 | Dragonhawk Rider |
| 15:08 | Dragonhawk Rider |
| 15:22 | Guard Tower |
| 15:26 | Scout Tower |
| 15:27 | Scout Tower |
| 15:27 | Scout Tower |
| 15:27 | Scout Tower |
| 15:57 | Staff of Sanctuary |
| 16:19 | Dragonhawk Rider |
| 16:19 | Dragonhawk Rider |
| 17:29 | Scout Tower |
| 17:29 | Scout Tower |
| 17:30 | Scout Tower |
| 17:30 | Scout Tower |
| 17:31 | Scout Tower |
| 17:31 | Scout Tower |
| 17:36 | Periapt of Vitality |
| 17:52 | Circlet of Nobility |
| 17:52 | Staff of Teleportation |
| 18:06 | Orb of Venom |
| 18:08 | Orb of Venom |
| 19:31 | Guard Tower |
| Right click | 2074 |
| Select | 567 |
| Select group | 298 |
| Build/train/purchase | 146 |
| Use ability | 53 |
| Chat | 47 |
| Assign group | 19 |
| Misc. action | 8 |
| Minimap ping | 5 |
| Item give/drop | 3 |
| Esc | 1 |



| Orb of Venom | 1 | 325 |
| Periapt of Vitality | 2 | 650 |
| Staff of Teleportation | 3 | 450 |
| Boots of Speed | 3 | 750 |
| Circlet of Nobility | 3 | 525 |
| Staff of Sanctuary | 3 | 750 |
| total: | 15 | 3450g |
| Wisp | 24 | 1440 | / | 0 |
| total: | 24 | 1440g | / | 0w |
| Altar of Elders | 1 | 180 | / | 50 |
| Moon Well | 23 | 4140 | / | 920 |
| Tree of Life | 2 | 680 | / | 370 |
| Ancient of Wonders | 4 | 360 | / | 120 |
| Hunter's Hall | 1 | 210 | / | 100 |
| Tree of Ages | 1 | 320 | / | 180 |
| Tree of Eternity | 1 | 330 | / | 200 |
| total: | 31 | 5570g | / | 1560w |
| 0:02 | Wisp |
| 0:02 | Wisp |
| 0:06 | Altar of Elders |
| 0:11 | Moon Well |
| 0:28 | Moon Well |
| 0:34 | Wisp |
| 0:49 | Wisp |
| 0:49 | Wisp |
| 1:03 | Wisp |
| 1:21 | Wisp |
| 1:21 | Wisp |
| 1:36 | Wisp |
| 1:36 | Wisp |
| 1:37 | Wisp |
| 2:00 | Wisp |
| 2:00 | Wisp |
| 2:06 | Entangling Roots |
| 2:39 | Moon Well |
| 2:40 | Moon Well |
| 3:29 | Wisp |
| 3:29 | Wisp |
| 3:29 | Wisp |
| 4:19 | Moon Well |
| 4:22 | Moon Well |
| 4:32 | Wisp |
| 4:32 | Wisp |
| 4:32 | Wisp |
| 5:27 | Tree of Ages |
| 6:42 | Periapt of Vitality |
| 6:43 | Staff of Teleportation |
| 6:43 | Boots of Speed |
| 7:39 | Tree of Life |
| 8:37 | Tree of Eternity |
| 8:50 | Thorns Aura |
| 8:54 | Trueshot Aura |
| 9:01 | Ancient of Wonders |
| 9:02 | Ancient of Wonders |
| 9:03 | Ancient of Wonders |
| 9:06 | Ancient of Wonders |
| 10:16 | Hunter's Hall |
| 11:35 | Frost Arrows |
| 11:41 | Wisp |
| 11:41 | Wisp |
| 11:41 | Wisp |
| 11:41 | Wisp |
| 11:41 | Wisp |
| 11:50 | Orb of Venom |
| 11:57 | Well Spring |
| 11:57 | Ultravision |
| 12:52 | Boots of Speed |
| 12:53 | Boots of Speed |
| 12:53 | Circlet of Nobility |
| 12:53 | Staff of Teleportation |
| 13:59 | Searing Arrows |
| 14:46 | Staff of Sanctuary |
| 15:49 | Circlet of Nobility |
| 15:49 | Staff of Teleportation |
| 16:39 | Forked Lightning |
| 16:49 | Moon Well |
| 16:51 | Moon Well |
| 16:56 | Moon Well |
| 16:56 | Moon Well |
| 16:57 | Moon Well |
| 16:58 | Moon Well |
| 16:59 | Moon Well |
| 16:59 | Moon Well |
| 17:00 | Moon Well |
| 17:26 | Tree of Life |
| 17:27 | Nature's Blessing |
| 17:47 | Periapt of Vitality |
| 17:47 | Circlet of Nobility |
| 17:56 | Moon Well |
| 17:57 | Moon Well |
| 18:10 | Staff of Sanctuary |
| 18:13 | Staff of Sanctuary |
| 19:32 | Moon Well |
| 19:37 | Moon Well |
| 19:38 | Moon Well |
| 19:39 | Moon Well |
| 19:40 | Moon Well |
| 19:45 | Moon Well |
| 20:01 | Entangling Roots |
| Right click | 1373 |
| Select group | 565 |
| Resource trade | 178 |
| Select | 154 |
| Build/train/purchase | 66 |
| Use ability | 48 |
| Misc. action | 25 |
| Item give/drop | 8 |
| Minimap ping | 8 |
| Assign group | 5 |



| Scroll of Regeneration | 4 | 400 |
| Lesser Clarity Potion | 1 | 70 |
| Staff of Sanctuary | 4 | 1000 |
| Boots of Speed | 3 | 750 |
| Staff of Teleportation | 3 | 450 |
| Circlet of Nobility | 1 | 175 |
| Orb of Venom | 4 | 1300 |
| total: | 20 | 4145g |
| Peasant | 14 | 1050 | / | 0 |
| Priest | 1 | 135 | / | 10 |
| total: | 15 | 1185g | / | 10w |
| Scout Tower | 44 | 1320 | / | 880 |
| Arcane Tower | 7 | 490 | / | 350 |
| Guard Tower | 18 | 1260 | / | 900 |
| Altar of Kings | 1 | 180 | / | 50 |
| Farm | 5 | 400 | / | 100 |
| Lumber Mill | 1 | 120 | / | 0 |
| Arcane Vault | 2 | 260 | / | 60 |
| Barracks | 1 | 160 | / | 60 |
| Arcane Sanctum | 1 | 150 | / | 140 |
| Gryphon Aviary | 1 | 140 | / | 150 |
| Keep | 1 | 320 | / | 210 |
| Castle | 2 | 720 | / | 420 |
| total: | 56 | 2730g | / | 1440w |
| 0:01 | Peasant |
| 0:04 | Altar of Kings |
| 0:13 | Peasant |
| 0:19 | Farm |
| 0:22 | Peasant |
| 0:35 | Lumber Mill |
| 0:39 | Peasant |
| 0:46 | Farm |
| 1:03 | Scout Tower |
| 1:05 | Peasant |
| 1:05 | Peasant |
| 1:24 | Peasant |
| 1:32 | Arcane Tower |
| 1:33 | Scout Tower |
| 1:34 | Peasant |
| 1:42 | Improved Masonry |
| 1:46 | Peasant |
| 1:50 | Scout Tower |
| 2:14 | Peasant |
| 2:17 | Arcane Tower |
| 2:21 | Scout Tower |
| 2:30 | Peasant |
| 2:53 | Scout Tower |
| 2:53 | Guard Tower |
| 2:55 | Peasant |
| 2:55 | Peasant |
| 2:55 | Peasant |
| 2:59 | Blizzard |
| 3:18 | Scout Tower |
| 3:18 | Scout Tower |
| 3:41 | Boots of Speed |
| 3:41 | Staff of Teleportation |
| 3:50 | Keep |
| 3:55 | Arcane Vault |
| 3:56 | Guard Tower |
| 3:59 | Scout Tower |
| 4:44 | Guard Tower |
| 4:46 | Scout Tower |
| 4:46 | Scout Tower |
| 4:49 | Scout Tower |
| 4:59 | Scout Tower |
| 5:01 | Scout Tower |
| 5:03 | Scout Tower |
| 5:04 | Scout Tower |
| 5:26 | Farm |
| 5:35 | Guard Tower |
| 5:38 | Arcane Tower |
| 5:40 | Guard Tower |
| 6:08 | Arcane Tower |
| 6:10 | Guard Tower |
| 6:11 | Scout Tower |
| 6:28 | Advanced Masonry |
| 6:31 | Brilliance Aura |
| 6:38 | Guard Tower |
| 6:43 | Arcane Tower |
| 6:48 | Guard Tower |
| 6:51 | Scout Tower |
| 6:57 | Guard Tower |
| 6:58 | Arcane Tower |
| 6:59 | Scout Tower |
| 7:19 | Storm Bolt |
| 7:22 | Castle |
| 7:37 | Guard Tower |
| 7:38 | Scout Tower |
| 7:38 | Guard Tower |
| 8:09 | Boots of Speed |
| 8:15 | Guard Tower |
| 8:15 | Scout Tower |
| 8:28 | Arcane Vault |
| 8:43 | Staff of Teleportation |
| 9:04 | Scroll of Regeneration |
| 9:27 | Guard Tower |
| 9:30 | Scout Tower |
| 9:31 | Scout Tower |
| 9:33 | Scout Tower |
| 9:38 | Scout Tower |
| 9:38 | Scout Tower |
| 10:18 | Scout Tower |
| 10:19 | Scout Tower |
| 10:23 | Scout Tower |
| 10:24 | Scout Tower |
| 10:26 | Scout Tower |
| 10:26 | Scout Tower |
| 10:27 | Guard Tower |
| 11:23 | Lesser Clarity Potion |
| 11:26 | Imbued Masonry |
| 11:26 | Improved Lumber Harvesting |
| 11:30 | Farm |
| 11:43 | Scroll of Regeneration |
| 11:47 | Guard Tower |
| 11:49 | Scout Tower |
| 11:50 | Scout Tower |
| 11:59 | Guard Tower |
| 12:01 | Farm |
| 12:03 | Staff of Sanctuary |
| 12:26 | Staff of Sanctuary |
| 12:27 | Staff of Sanctuary |
| 12:58 | Arcane Sanctum |
| 13:08 | Holy Light |
| 13:16 | Blizzard |
| 13:26 | Bash |
| 13:46 | Boots of Speed |
| 13:47 | Staff of Teleportation |
| 13:47 | Circlet of Nobility |
| 14:44 | Staff of Sanctuary |
| 14:47 | Orb of Venom |
| 15:01 | Orb of Venom |
| 15:01 | Orb of Venom |
| 15:06 | Orb of Venom |
| 15:16 | Magic Sentry |
| 15:16 | Priest Adept Training |
| 15:17 | Priest |
| 15:27 | Arcane Tower |
| 15:33 | Scout Tower |
| 15:33 | Scout Tower |
| 15:34 | Scout Tower |
| 15:35 | Scout Tower |
| 15:35 | Scout Tower |
| 15:37 | Scout Tower |
| 15:38 | Scout Tower |
| 16:45 | Scroll of Regeneration |
| 17:24 | Guard Tower |
| 17:39 | Scout Tower |
| 17:40 | Scout Tower |
| 17:40 | Scout Tower |
| 17:41 | Scout Tower |
| 17:45 | Scroll of Regeneration |
| 18:09 | Gryphon Aviary |
| 18:11 | Barracks |
| 18:21 | Guard Tower |
| 19:57 | Storm Bolt |
| Right click | 1335 |
| Select group | 811 |
| Assign group | 352 |
| Select | 226 |
| Build/train/purchase | 100 |
| Use ability | 93 |
| Chat | 71 |
| Misc. action | 13 |
| Item give/drop | 2 |
120 units @ 15.5k
/ 2.1k
51 buildings @ 8.2k
/ 3.5k

| Wisp | 27 | 1620 | / | 0 |
| Archer | 8 | 1040 | / | 80 |
| Mountain Giant | 5 | 1750 | / | 500 |
| Dryad | 1 | 145 | / | 60 |
| Demolisher | 2 | 440 | / | 100 |
| Peon | 5 | 375 | / | 0 |
| total: | 48 | 5370g | / | 740w |
| Ancient Protector | 9 | 1215 | / | 720 |
| Altar of Elders | 1 | 180 | / | 50 |
| Moon Well | 8 | 1440 | / | 320 |
| Ancient of War | 1 | 150 | / | 60 |
| Hunter's Hall | 1 | 210 | / | 100 |
| Ancient of Wonders | 1 | 90 | / | 30 |
| Ancient of Lore | 3 | 465 | / | 435 |
| Tree of Ages | 1 | 320 | / | 180 |
| Tree of Eternity | 1 | 330 | / | 200 |
| total: | 24 | 3750g | / | 1715w |
| 0:03 | Altar of Elders |
| 0:04 | Moon Well |
| 0:09 | Moon Well |
| 0:12 | Ancient of War |
| 0:22 | Wisp |
| 0:52 | Wisp |
| 0:53 | Wisp |
| 1:11 | Wisp |
| 1:35 | Archer |
| 2:04 | Wisp |
| 2:04 | Wisp |
| 2:05 | Wisp |
| 2:07 | Moon Well |
| 2:23 | Acid Bomb |
| 3:00 | Archer |
| 3:00 | Archer |
| 3:02 | Wisp |
| 3:03 | Wisp |
| 3:03 | Wisp |
| 3:03 | Wisp |
| 3:03 | Wisp |
| 3:03 | Wisp |
| 3:33 | Hunter's Hall |
| 3:35 | Wisp |
| 3:39 | Moon Well |
| 4:44 | Ancient Protector |
| 4:47 | Ancient Protector |
| 4:51 | Ancient Protector |
| 4:52 | Wisp |
| 4:53 | Wisp |
| 4:53 | Wisp |
| 4:53 | Wisp |
| 4:53 | Wisp |
| 5:03 | Archer |
| 5:03 | Archer |
| 6:35 | Chemical Rage |
| 6:49 | Tree of Ages |
| 6:53 | Ancient Protector |
| 6:55 | Archer |
| 7:52 | Moon Well |
| 8:08 | Archer |
| 8:09 | Archer |
| 9:13 | Ancient of Lore |
| 9:23 | Ancient of Lore |
| 9:34 | Ancient of Lore |
| 9:37 | Wisp |
| 9:37 | Wisp |
| 9:38 | Wisp |
| 9:38 | Wisp |
| 9:38 | Wisp |
| 9:38 | Wisp |
| 9:38 | Wisp |
| 10:33 | Ancient of Wonders |
| 10:40 | Strength of the Wild |
| 10:40 | Reinforced Hides |
| 10:46 | Ancient Protector |
| 10:48 | Ancient Protector |
| 10:50 | Ancient Protector |
| 10:53 | Ancient Protector |
| 10:59 | Ancient Protector |
| 11:01 | Wisp |
| 12:01 | Mountain Giant |
| 12:03 | Abolish Magic |
| 12:04 | Dryad |
| 13:17 | Druid of the Claw Adept Training |
| 13:24 | Moon Well |
| 13:26 | Moon Well |
| 13:28 | Moon Well |
| 13:46 | Improved Reinforced Hides |
| 14:49 | Tree of Eternity |
| 14:51 | Mountain Giant |
| 15:23 | Mountain Giant |
| 15:41 | Burning Oil |
| 15:42 | Demolisher |
| 15:57 | Chemical Rage |
| 17:33 | Resistant Skin |
| 17:33 | Hardened Skin |
| 17:34 | Mountain Giant |
| 17:40 | Mountain Giant |
| 18:02 | Demolisher |
| 18:05 | Peon |
| 18:05 | Peon |
| 18:06 | Peon |
| 18:06 | Peon |
| 18:07 | Peon |
| 18:19 | Improved Strength of the Wild |
| Right click | 936 |
| Select | 268 |
| Select group | 93 |
| Build/train/purchase | 92 |
| Chat | 34 |
| Use ability | 24 |
| Assign group | 18 |
| Misc. action | 4 |

| Potion of Healing | 1 | 150 |
| Scroll of Town Portal | 1 | 350 |
| Circlet of Nobility | 1 | 175 |
| Boots of Speed | 1 | 250 |
| Scroll of Speed | 1 | 50 |
| Healing Salve | 1 | 100 |
| total: | 6 | 1075g |
| Wisp | 15 | 900 | / | 0 |
| Archer | 6 | 780 | / | 60 |
| Chimaera | 8 | 2640 | / | 560 |
| Hippogryph | 9 | 1440 | / | 180 |
| Peon | 5 | 375 | / | 0 |
| Demolisher | 4 | 880 | / | 200 |
| total: | 47 | 7015g | / | 1000w |
| Ancient Protector | 1 | 135 | / | 80 |
| Altar of Elders | 1 | 180 | / | 50 |
| Moon Well | 8 | 1440 | / | 320 |
| Ancient of War | 1 | 150 | / | 60 |
| Hunter's Hall | 1 | 210 | / | 100 |
| Ancient of Wonders | 1 | 90 | / | 30 |
| Ancient of Wind | 1 | 150 | / | 140 |
| Chimaera Roost | 3 | 420 | / | 570 |
| Tree of Ages | 1 | 320 | / | 180 |
| Tree of Eternity | 1 | 330 | / | 200 |
| total: | 17 | 2775g | / | 1350w |
| 0:07 | Altar of Elders |
| 0:11 | Moon Well |
| 0:15 | Ancient of War |
| 0:22 | Wisp |
| 0:22 | Wisp |
| 0:37 | Wisp |
| 0:55 | Wisp |
| 0:56 | Wisp |
| 1:17 | Wisp |
| 1:17 | Wisp |
| 1:39 | Archer |
| 1:47 | Moon Well |
| 2:04 | Archer |
| 2:08 | Wisp |
| 2:25 | Howl of Terror |
| 2:36 | Moon Well |
| 2:44 | Archer |
| 2:46 | Wisp |
| 2:46 | Wisp |
| 3:03 | Archer |
| 3:06 | Wisp |
| 3:29 | Wisp |
| 3:59 | Scroll of Speed |
| 4:10 | Tree of Ages |
| 4:12 | Hunter's Hall |
| 4:30 | Archer |
| 4:39 | Cleaving Attack |
| 4:51 | Moon Well |
| 5:19 | Ultravision |
| 5:20 | Strength of the Wild |
| 5:31 | Circlet of Nobility |
| 5:40 | Boots of Speed |
| 6:29 | Archer |
| 6:34 | Ancient of Wind |
| 6:35 | Wisp |
| 6:35 | Wisp |
| 6:35 | Wisp |
| 6:37 | Ancient of Wonders |
| 7:16 | Improved Strength of the Wild |
| 7:18 | Tree of Eternity |
| 7:54 | Healing Salve |
| 8:05 | Moon Well |
| 8:25 | Howl of Terror |
| 9:02 | Moon Well |
| 10:00 | Chimaera Roost |
| 10:03 | Chimaera Roost |
| 10:04 | Chimaera Roost |
| 10:20 | Moon Well |
| 11:29 | Corrosive Breath |
| 11:30 | Chimaera |
| 11:45 | Chimaera |
| 11:56 | Ancient Protector |
| 12:01 | Moon Well |
| 12:24 | Chimaera |
| 12:52 | Chimaera |
| 12:55 | Chimaera |
| 13:11 | Potion of Healing |
| 13:54 | Chimaera |
| 14:24 | Chimaera |
| 14:36 | Peon |
| 14:36 | Peon |
| 14:36 | Peon |
| 14:36 | Peon |
| 14:36 | Peon |
| 14:58 | Demolisher |
| 14:58 | Demolisher |
| 15:21 | Chimaera |
| 16:19 | Hippogryph |
| 16:19 | Hippogryph |
| 16:19 | Hippogryph |
| 16:59 | Hippogryph |
| 17:29 | Demolisher |
| 17:30 | Demolisher |
| 17:40 | Scroll of Town Portal |
| 18:56 | Hippogryph |
| 18:56 | Hippogryph |
| 18:56 | Hippogryph |
| 18:56 | Hippogryph |
| 19:47 | Hippogryph |
| Right click | 868 |
| Select group | 371 |
| Select | 217 |
| Build/train/purchase | 76 |
| Misc. action | 26 |
| Assign group | 25 |
| Use ability | 11 |
| Minimap ping | 11 |
| Esc | 2 |
| Item give/drop | 1 |


| Peon | 10 | 750 | / | 0 |
| Grunt | 1 | 200 | / | 0 |
| Troll Headhunter | 12 | 1680 | / | 240 |
| Demolisher | 2 | 440 | / | 100 |
| total: | 25 | 3070g | / | 340w |
| Altar of Storms | 1 | 180 | / | 50 |
| Orc Burrow | 5 | 800 | / | 200 |
| Barracks | 1 | 180 | / | 50 |
| War Mill | 1 | 205 | / | 0 |
| Voodoo Lounge | 1 | 130 | / | 30 |
| Spirit Lodge | 1 | 150 | / | 150 |
| Stronghold | 1 | 315 | / | 190 |
| Fortress | 1 | 325 | / | 190 |
| total: | 10 | 1645g | / | 480w |
| 0:05 | Altar of Storms |
| 0:07 | Peon |
| 0:07 | Peon |
| 0:07 | Peon |
| 0:13 | Orc Burrow |
| 0:42 | Peon |
| 0:48 | Barracks |
| 1:02 | Peon |
| 1:20 | War Mill |
| 1:38 | Voodoo Lounge |
| 1:50 | Grunt |
| 2:11 | Orc Burrow |
| 2:32 | Troll Headhunter |
| 2:44 | Troll Headhunter |
| 2:49 | War Stomp |
| 3:02 | Peon |
| 3:03 | Troll Headhunter |
| 3:24 | Troll Headhunter |
| 3:57 | Troll Headhunter |
| 4:20 | Troll Headhunter |
| 4:21 | Peon |
| 4:26 | Orc Burrow |
| 4:52 | Stronghold |
| 4:56 | Troll Headhunter |
| 5:59 | Troll Headhunter |
| 5:59 | Troll Headhunter |
| 6:35 | Endurance Aura |
| 6:47 | Troll Headhunter |
| 7:21 | Peon |
| 7:21 | Peon |
| 7:22 | Peon |
| 7:23 | Troll Headhunter |
| 8:00 | Fortress |
| 8:06 | Orc Burrow |
| 8:11 | Troll Headhunter |
| 8:14 | Steel Ranged Weapons |
| 8:34 | Healing Wave |
| 9:21 | Demolisher |
| 9:23 | Demolisher |
| 9:33 | Spirit Lodge |
| 9:37 | Orc Burrow |
| Right click | 602 |
| Select | 121 |
| Select group | 70 |
| Build/train/purchase | 44 |
| Assign group | 21 |
| Misc. action | 11 |
| Esc | 3 |
| Minimap ping | 3 |
| Use ability | 2 |
⇛